 Dungeon Crawl Stone Soup version 0.29-a0-887-gcbe080d7e0 (webtiles) character file.

Game seed: 13182142953450074651

191918 wingedge the Markstengu (level 18, -7/114 HPs)
             Began as a Tengu Air Elementalist on July 22, 2022.
             Was an Elder of Okawaru.
             Mangled by a salamander tyrant (16 damage)
             ... on level 2 of the Snake Pit.
             The game lasted 02:03:02 (28282 turns).

wingedge the Markstengu (Tengu Air Elementalist)   Turns: 28282, Time: 02:03:02

Health: -7/114     AC: 16    Str:  8    XL:     18   Next: 21%
Magic:  0/27       EV: 22    Int: 15    God:    Okawaru [****..]
Gold:   2229       SH:  0    Dex: 29    Spells: 21/27 levels left

rFire   . . .      SeeInvis .   a - +9 triple crossbow (flame)
rCold   + . .      Faith    .   (shield currently unavailable)
rNeg    . . .      Spirit   +   m - +3 ring mail of Circular Logic {rElec Regen+ Int-4 Dex+3}
rPois   .          Reflect  .   M - +2 hat
rElec   +          Harm     .   j - scarf {repulsion}
rCorr   .          Rampage  .   S - +2 pair of gloves
Will    +....                   (boots unavailable)
Stlth   ++++......              z - amulet of guardian spirit
HPRegen 1.09/turn               K - +6 ring of dexterity
MPRegen 0.20/turn               Y - ring of protection from cold

@: lethally poisoned (-7 -> -29), about to teleport, weakened, flying quickly
and evasively, constricted, invisible, repel missiles, quick
A: beak, talons 3, nimble flight
}: 1/15 runes: decaying
a: Renounce Religion, Heroism, Finesse


You were on level 2 of the Snake Pit.
You worshipped Okawaru.
Okawaru was greatly pleased with you.
You visited 6 branches of the dungeon, and saw 29 of its levels.
You also visited: Bailey and Volcano.

You collected 3425 gold pieces.
You spent 1196 gold pieces at shops.

Inventory:

Hand Weapons
 a - a +9 triple crossbow of flaming (weapon)
 b - the +7 rapier "Widowmaker" {vamp, rPois rC+ Dex+5}
   (You found it on level 9 of the Dungeon)

   It occasionally heals its wielder for a portion of the damage dealt when it
   wounds a living foe.
   Dex:       It affects your dexterity (+5).
   rC:        It protects you from cold.
   rPois:     It protects you from poison.
 f - the +10 shortbow of the Eggplant {freeze, rC- rN++}
   (You bought it in a shop on level 2 of the Orcish Mines)

   Any ammunition fired from it freezes those it strikes, dealing additional
   cold damage.
   It can also slow down cold-blooded creatures.
   rC:        It makes you vulnerable to cold.
   rN:        It greatly protects you from negative energy.
 F - the +8 dagger of Valiance {holy, Will+ Int+3}
   (You found it on level 15 of the Dungeon)

   It has been blessed by the Shining One to cause great damage to the undead
   and demons.
   Int:       It affects your intelligence (+3).
   Will:      It increases your willpower.
 R - the +11 shortbow "Buugoi" {flame, rElec Str+5 Int+3 Stlth-}
   (You found it on level 12 of the Dungeon)

   Any ammunition fired from it burns those it strikes, dealing additional fire
   damage.
   Str:       It affects your strength (+5).
   Int:       It affects your intelligence (+3).
   rElec:     It insulates you from electricity.
   Stlth:     It makes you less stealthy.
 V - a +2 quick blade of flaming
Armour
 j - a scarf of repulsion (worn)
 m - the +3 ring mail of Circular Logic (worn) {rElec Regen+ Int-4 Dex+3}
   (You found it on level 4 of the Dungeon)

   Int:       It affects your intelligence (-4).
   Dex:       It affects your dexterity (+3).
   rElec:     It insulates you from electricity.
   Regen:     It increases your rate of health regeneration.
 o - the +1 robe "Zaublemy" {rF- rC+++ rN+ Regen+}
   (Okawaru gifted it to you on level 10 of the Dungeon)

   rF:        It makes you vulnerable to fire.
   rC:        It renders you almost immune to cold.
   rN:        It protects you from negative energy.
   Regen:     It increases your rate of health regeneration.
 M - a +2 hat (worn)
 S - a +2 pair of gloves (worn)
 U - the +2 hat "Deffoy" {Harm rPois rN+ Str+4}
   (Okawaru gifted it to you on level 5 of the Lair of Beasts)

   Str:       It affects your strength (+4).
   rPois:     It protects you from poison.
   rN:        It protects you from negative energy.
   Harm:      It increases damage dealt and taken.
Jewellery
 d - a ring of willpower
 k - a ring of poison resistance
 z - an amulet of guardian spirit (around neck)
 I - a ring of see invisible
 K - a +6 ring of dexterity (left hand)
 Q - a ring of resist corrosion
 T - a ring of protection from fire
 Y - a ring of protection from cold (right hand)
Wands
 s - a wand of roots (19)
 w - a wand of acid (14)
 y - a wand of digging (18)
 J - a wand of mindburst (8)
 L - a wand of paralysis (34)
Scrolls
 c - 7 scrolls of teleportation
 e - 3 scrolls of enchant armour
 g - 3 scrolls of magic mapping
 n - 2 scrolls of vulnerability
 v - 6 scrolls of fog
 x - 6 scrolls of identify
 N - a scroll of immolation
 O - 3 scrolls of silence
Potions
 h - 9 potions of curing
 i - 9 potions of attraction
 l - 4 potions of haste
 p - 5 potions of brilliance
 q - 6 potions of might
 r - 5 potions of resistance
 t - 3 potions of cancellation
 B - 2 potions of berserk rage
 C - a potion of invisibility
 D - 3 potions of mutation
 E - 2 potions of heal wounds
 H - 3 potions of lignification
Miscellaneous
 u - a condenser vane (inert)


   Skills:
 + Level 13.0 Fighting
 - Level 12.0 Short Blades
 * Level 18.5 Ranged Weapons
 - Level 12.0 Armour
 + Level 13.3 Dodging
 + Level 9.0 Stealth
 + Level 5.1 Spellcasting
 - Level 4.3 Conjurations
 * Level 2.2 Hexes
 * Level 2.4 Translocations
 - Level 4.4 Air Magic
 + Level 10.7 Invocations


You had 21 spell levels left.
You knew the following spells:

 Your Spells              Type           Power      Damage    Failure   Level
a - Shock                 Conj/Air       68%        1d7       6%          1
b - Static Discharge      Conj/Air       17%        3-6/arc   9%          2
c - Portal Projectile     Hex/Tloc       22%        N/A       38%         3

Your spell library contained the following spells:

 Spells                   Type           Power      Damage    Failure   Level
 Magic Dart               Conj           64%        1d6       6%          1
 Slow                     Hex            40%        N/A       14%         1
 Foxfire                  Conj/Fire      40%        2x1d6     16%         1
 Swiftness                Air            17%        N/A       19%         3
 Blink                    Tloc           22%        N/A       21%         2
 Mephitic Cloud           Conj/Pois/Air  12%        N/A       32%         3
 Lesser Beckoning         Tloc           11%        N/A       36%         3
 Confusing Touch          Hex            10%        N/A       41%         3
 Conjure Flame            Conj/Fire      10%        6-21      41%         3
 Scorch                   Fire           6%         2d5       50%         2
 Airstrike                Air            8%         0-4+      52%         4
 Inner Flame              Hex/Fire       7%         N/A       56%         3
 Ignite Poison            Fire/Tmut/Pois 3%         N/A       73%         3
 Vampiric Draining        Necr           3%         2d6       73%         3
 Cause Fear               Hex            5%         N/A       82%         4
 Flame Wave               Conj/Fire      10%        2d5       83%         4
 Iskenderun's Battlesphe  Conj           16%        2d7       86%         5
 Lightning Bolt           Conj/Air       8%         1d21      86%         5
 Anguish                  Hex/Necr       3%         N/A       92%         4
 Freezing Cloud           Conj/Ice/Air   6%         6-21      97%         5
 Manifold Assault         Tloc           11%        N/A       98%         5
 Irradiate                Conj/Tmut      5%         3d13      99%         5
 Alistair's Intoxication  Tmut/Pois      2%         N/A       100%        5
 Blade Hands              Tmut           1%         N/A       100%        5
 Borgnjor's Vile Clutch   Necr/Erth      1%         N/A       100%        5
 Dispersal                Tloc           5%         N/A       100%        6
 Eringya's Noxious Bog    Tmut/Pois      1%         N/A       100%        6
 Iron Shot                Conj/Erth      5%         9d2       100%        6
 Dragon Form              Tmut           1%         N/A       100%        7
 Enfeeble                 Hex            5%         N/A       100%        7
 Discord                  Hex            5%         N/A       100%        8
 Disjunction              Tloc           5%         N/A       100%        8
 Tukima's Dance           Hex            Unusable   N/A       N/A         3
 Call Imp                 Summ           Unusable   N/A       N/A         2
 Summon Lightning Spire   Summ/Air       Unusable   N/A       N/A         4
 Summon Forest            Summ/Tloc      Unusable   N/A       N/A         5
 Summon Cactus Giant      Summ           Unusable   N/A       N/A         6
 Spellforged Servitor     Conj/Summ      Unusable   N/A       N/A         7
 Summon Hydra             Summ           Unusable   N/A       N/A         7

Dungeon Overview and Level Annotations

Branches:
Dungeon (15/15) Temple (1/1) D:4 Lair (5/5) D:9 Swamp (4/4) Lair:3 Snake (2/4) Lair:2 Slime (0/5) Lair:5 Orc (2/2) D:12 Elf (0/3) Orc:2 Vaults (0/5) D:12 D:13 Depths (0/4) D:15 Bailey (visited) Volcano (visited)

Altars:
Ashenzari
Cheibriados
Dithmenos
Elyvilon
Fedhas
Gozag
Hepliaklqana
Kikubaaqudgha
Makhleb
Nemelex Xobeh
Okawaru
Qazlal
Ru
Sif Muna
Trog
Uskayaw
Vehumet
Wu Jian
Xom
Yredelemnul
Zin
The Shining One
Jiyva

Shops:
D:2 *   Orc:2 =:(:?*(*


Innate Abilities, Weirdness & Mutations

You have a beak for a mouth.
You have claws for feet.
Your magical nature lets you fly swiftly and evasively.


Message History

You feel your power leaking away.
You feel much better.
You feel sick.
You are more poisoned.
The black mamba completely misses you. The naga ritualist misses you.
The naga ritualist barely misses you.
The mana viper bites you but does no damage.
The salamander tyrant misses you. Magic courses through your body.
You feel sick.
You are more poisoned.
The black mamba bites you!
You are more poisoned.
The black mamba poisons you! The mana viper misses you.
The salamander hits you but does no damage.
The black mamba completely misses you. The naga ritualist misses you.
The naga ritualist completely misses you.
The black mamba bites you but does no damage.
The salamander tyrant hits you.
You are engulfed in flames!!
The black mamba hisses angrily.
As you read the scroll of teleportation, it crumbles to dust.
You feel strangely unstable.
You feel extremely sick.
* * * LOW HITPOINT WARNING * * *
You are more poisoned.
The naga ritualist's toxic aura wanes.
The black mamba closely misses you. x2
The mana viper bites you!
* * * LOW HITPOINT WARNING * * *
You feel your power leaking away. The black mamba misses you.
The naga ritualist hits you but does no damage.
The naga ritualist grabs you. The naga ritualist constricts you.
* * * LOW HITPOINT WARNING * * *
The black mamba misses you. The salamander barely misses you.
The black mamba misses you. The black mamba completely misses you.
The mana viper bites you!
* * * LOW HITPOINT WARNING * * *
You feel your power leaking away. The salamander tyrant hits you.
* * * LOW HITPOINT WARNING * * *
You are engulfed in flames!
You die...

....)..)..# .... ..
....#...... ... .. . .
#...... ... .. . #......
# .: .##.#########. #..
#. #.#.##<.##.##.
#..##.####..#.##...####
..#...SS.$....#.#.......
#.....S@SN.##.#..####...
...#..N.N.......#.#...##
#...#.N.##^....######..
##.#.#>.#...#### #.....
# ##.....>## #....#
#....... #...## #####...
##.## #..# ### ##?#


You could see a salamander tyrant (unable to see you), 2 salamanders, a naga
ritualist, a mana viper and 3 black mambas.

Vanquished Creatures
  A tentacled monstrosity (Swamp:4)
  Frances (D:13)
  Kirke (D:14)
  Donald (Orc:2)
  3 thorn hunters (Swamp:4)
  A nagaraja (Snake:2)
  A fenstrider witch (Swamp:4)
  Aizul (Snake:1)
  A stone giant (D:11)
  5 eleionomae
  Nessos (Lair:3)
  6 bunyips
  An ettin (D:15)
  2 fire dragons
  A shambling mangrove (Swamp:4)
  Fannar (Lair:2)
  Erolcha (D:10)
  A rakshasa (D:15)
  26 hydras
  2 ghost crabs
  2 vault guards (Bailey)
  2 boulder beetles
  3 catoblepae
  3 anacondas
  8 alligators
  4 centaur warriors
  A tengu warrior (D:15)
  3 naga warriors (Snake:1)
  9 death yaks
  8 two-headed ogres
  5 naga sharpshooters
  A shock serpent (Snake:1)
  3 orc high priests (Orc:2)
  Nergalle (Lair:3)
  Sonja (Lair:4)
  4 skeletal warriors
  6 goliath frogs
  2 deep trolls (D:15)
  4 anaconda zombies (Snake:1)
  6 spectral anacondas (Snake:1)
  9 bog bodies
  3 spriggan druids
  13 swamp dragons
  A necromancer (D:15)
  5 anaconda skeletons (Snake:1)
  6 orc knights
  5 orc sorcerers
  14 ugly things
  5 will-o-the-wisps
  4 manticores
  4 deep elf pyromancers
  A wolf spider (Arena)
  2 cyclopes
  7 elephants
  A salamander (shapeshifter) (D:13)
  4 salamanders
  A naga mage (Snake:1)
  Maurice (D:10)
  13 black mambas
  A guardian serpent (Snake:1)
  A gargoyle (D:13)
  4 unseen horrors
  7 cane toads
  Psyche (D:11)
  7 rime drakes
  A freezing wraith (D:15)
  3 anaconda simulacra (Snake:1)
  A kobold demonologist (Arena)
  2 efreet
  14 komodo dragons
  5 trolls
  12 polar bears
  2 bloated husks (Swamp:2)
  12 tyrant leeches
  3 raiju (Lair:5)
  5 blink frogs (Lair:5)
  7 dream sheep (Lair:5)
  3 hornets
  Prince Ribbit (Bailey)
  11 slime creatures
  2 spriggans
  5 wyverns
  A centaur simulacrum (D:14)
  54 yaks
  2 shadows
  A vampire (D:10)
  4 wraiths
  21 humans
  3 basilisks
  4 hogs (D:14)
  11 fire bats
  13 vampire mosquitoes
  7 steam dragons
  5 wargs
  12 swamp worms
  18 nagas
  5 acid dragons
  15 water moccasins
  Duvessa (D:7)
  14 hell hounds (Lair:5)
  17 black bears
  A sky beast (D:6)
  9 swamp drakes
  12 orc warriors
  8 ogres
  29 wolves
  2 centaurs
  2 phantoms
  A kobold brigand (D:6)
  16 bullfrogs
  A necrophage (D:6)
  3 scorpions
  10 wights
  Dowan (D:7)
  2 howler monkeys
  2 hounds
  A jelly (D:4)
  11 orc priests
  5 iguanas
  Terence (D:3)
  14 orc wizards
  7 hell rats (Lair:4)
  Robin (D:3)
  11 adders
  5 gnolls (D:5)
  A shadow imp (D:6)
  4 white imps
  2 worms (D:3)
  4 dart slugs
  66 orcs
  10 ball pythons
  7 bats
  7 endoplasms
  3 giant cockroaches
  11 goblins
  8 hobgoblins
  4 jackals (D:4)
  12 kobolds
  2 quokkas (D:1)
  2 frilled lizards (D:2)
  7 rats
  A spectral orc (D:13)
857 creatures vanquished.

Vanquished Creatures (others)
  A goliath frog (Swamp:2)
  A wizard (Arena)
  A swamp worm (Swamp:4)
  2 bushes (Lair:5)
  14 foxfires
  14 fungi
  79 plants
112 creatures vanquished.

Grand Total: 969 creatures vanquished

Notes
Turn   | Place    | Note
-------+----------+-------------------------------------------
     0 | D:1      | wingedge the Tengu Air Elementalist began the quest for the
                  | Orb.
     0 | D:1      | Reached XP level 1. HP: 10/10 MP: 4/4
   269 | D:1      | Reached XP level 2. HP: 15/15 MP: 0/6
  1035 | D:1      | Learned a level 2 spell: Static Discharge
  1529 | D:2      | Reached XP level 3. HP: 12/19 MP: 0/7
  1840 | D:2      | Found a faded altar of an unknown god.
  1846 | D:2      | Reached skill level 1 in Short Blades
  1976 | D:2      | Found Wemiac's General Store.
  2057 | D:2      | Bought a potion of curing for 33 gold pieces
  2079 | D:2      | Reached XP level 4. HP: 21/24 MP: 0/8
  2155 | D:2      | Identified the +1 leather armour of Quick Mirth {Int+2
                  | SInv}
  2175 | D:2      | You fall into a shaft and drop 1 floor!
  2202 | D:3      | Noticed a +0 dagger
  2202 | D:3      | Noticed a +0 short sword
  2277 | D:3      | Noticed a +0 falchion
  2278 | D:3      | Noticed a +0 spear
  2278 | D:3      | Noticed a +0 short sword
  2278 | D:3      | Noticed a +0 dagger
  2279 | D:3      | Noticed a +0 spear
  2281 | D:3      | Noticed a +0 falchion
  2661 | D:3      | Noticed Robin
  2662 | D:3      | Reached skill level 1 in Armour
  2667 | D:3      | Killed Robin
  2864 | D:3      | Noticed Terence
  2868 | D:3      | Killed Terence
  2869 | D:3      | Gained mutation: Your magical nature lets you fly swiftly
                  | and evasively. [Tengu growth]
  2869 | D:3      | Reached XP level 5. HP: 12/28 MP: 3/9
  3380 | D:3      | Found a hide-covered altar of Uskayaw.
  3622 | D:3      | Found a shimmering altar of Xom.
  3814 | D:4      | Reached skill level 1 in Fighting
  3852 | D:4      | Identified the +3 ring mail of Circular Logic {rElec Regen+
                  | Int-4 Dex+3}
  3916 | D:4      | Found a staircase to the Ecumenical Temple.
  3934 | Temple   | Entered the Ecumenical Temple
  4010 | Temple   | Became a worshipper of Warmaster Okawaru
  4156 | D:2      | Bought a scroll of enchant weapon for 82 gold pieces
  4486 | D:4      | Noticed a water moccasin
  4496 | D:4      | Killed a water moccasin
  4497 | D:4      | Reached XP level 6. HP: 29/37 MP: 1/10
  4593 | D:4      | Reached * piety under Okawaru
  4784 | D:4      | Reached XP level 7. HP: 42/42 MP: 6/11
  5301 | D:5      | Entered Level 5 of the Dungeon
  5770 | D:5      | Identified the +6 shortbow "Gentiq" {speed, rPois Dex+7}
  5833 | D:5      | Reached skill level 2 in Ranged Weapons
  5878 | D:5      | Reached XP level 8. HP: 48/48 MP: 12/12
  5945 | D:5      | Reached skill level 3 in Ranged Weapons
  6043 | D:5      | Reached ** piety under Okawaru
  6048 | D:5      | Reached skill level 5 in Fighting
  6048 | D:5      | Reached skill level 4 in Ranged Weapons
  6503 | D:6      | Reached skill level 5 in Ranged Weapons
  6503 | D:6      | Reached skill level 1 in Invocations
  7209 | D:7      | Reached XP level 9. HP: 54/54 MP: 13/13
  7213 | D:7      | Reached skill level 6 in Ranged Weapons
  7220 | D:7      | Reached *** piety under Okawaru
  7225 | D:7      | Received a gift from Okawaru
  7267 | D:7      | Found a sacrificial altar of Ru.
  7282 | D:7      | Identified the +8 long sword of Virtue {vamp, *Slow rElec
                  | Stlth+}
  7422 | D:7      | Found an ornate altar of the Wu Jian Council.
  7496 | D:7      | Noticed Dowan
  7529 | D:7      | Noticed Duvessa
  7537 | D:7      | Killed Duvessa
  7541 | D:7      | Killed Dowan
  7729 | D:8      | Noticed a two-headed ogre
  7749 | D:8      | Killed a two-headed ogre
  7749 | D:8      | Reached **** piety under Okawaru
  7750 | D:8      | Reached skill level 7 in Ranged Weapons
  7750 | D:8      | Reached skill level 5 in Armour
  7968 | D:8      | Found a flagged portal.
  7980 | Bailey   | Entered a bailey
  7993 | Bailey   | Reached skill level 5 in Dodging
  8021 | Bailey   | Reached skill level 8 in Ranged Weapons
  8021 | Bailey   | Reached XP level 10. HP: 59/61 MP: 14/14
  8033 | Bailey   | Reached ***** piety under Okawaru
  8108 | Bailey   | Noticed a vault guard
  8130 | Bailey   | Killed a vault guard
  8131 | Bailey   | Reached skill level 9 in Ranged Weapons
  8156 | Bailey   | Noticed a vault guard
  8156 | Bailey   | Noticed Prince Ribbit
  8170 | Bailey   | Killed Prince Ribbit
  8170 | Bailey   | Identified the +1 chain mail of Acvip {+Inv rF- rC+ Dex+2}
                  | (Okawaru gifted it to you in a bailey)
  8170 | Bailey   | Received a gift from Okawaru
  8181 | Bailey   | Killed a vault guard
  8874 | D:9      | Identified the +7 rapier "Widowmaker" {vamp, rPois rC+
                  | Dex+5}
  8909 | D:9      | Reached XP level 11. HP: 66/67 MP: 15/15
  9001 | D:9      | Found a staircase to the Lair.
  9006 | Lair:1   | Entered Level 1 of the Lair of Beasts
  9009 | Lair:1   | Reached skill level 10 in Ranged Weapons
  9209 | Lair:1   | Noticed a catoblepas
  9234 | Lair:1   | Killed a catoblepas
  9235 | Lair:1   | Reached skill level 5 in Short Blades
  9998 | Lair:2   | Noticed a death yak
  9998 | Lair:2   | Noticed a death yak
  9998 | Lair:2   | Noticed a death yak
  9998 | Lair:2   | Noticed a death yak
 10038 | Lair:1   | Killed a death yak
 10050 | Lair:1   | Killed a death yak
 10051 | Lair:1   | Reached skill level 5 in Invocations
 10078 | Lair:1   | Killed a death yak
 10188 | Lair:1   | Killed a death yak
 10189 | Lair:1   | Reached skill level 11 in Ranged Weapons
 10218 | Lair:2   | Noticed a four-headed hydra
 10249 | Lair:1   | Killed a four-headed hydra
 10513 | Lair:2   | Reached XP level 12. HP: 52/75 MP: 17/17
 10746 | Arena    | Entered the Arena
 10886 | Lair:2   | You are sucked into a shaft and drop 1 floor!
 11113 | Lair:3   | Noticed Nessos
 11129 | Lair:3   | Killed Nessos
 11219 | Lair:3   | Reached skill level 12 in Ranged Weapons
 11322 | Lair:3   | Noticed Nergalle
 11341 | Lair:3   | Killed Nergalle
 11501 | Lair:3   | Noticed a death yak
 11501 | Lair:3   | Noticed a death yak
 11501 | Lair:3   | Noticed a death yak
 11504 | Lair:3   | Noticed a death yak
 11506 | Lair:3   | Noticed a death yak
 11556 | Lair:3   | Killed a death yak
 11576 | Lair:3   | Killed a death yak
 11638 | Lair:2   | Found a staircase to the Snake Pit.
 11757 | Lair:2   | Noticed Fannar
 11773 | Lair:2   | Killed Fannar
 12160 | Lair:2   | Identified the +1 robe of Makhleb's Hope {Harm +Blink
                  | Stlth+}
 12284 | Lair:3   | Found a staircase to the Swamp.
 12478 | Lair:3   | Killed a death yak
 12479 | Lair:3   | Reached XP level 13. HP: 73/80 MP: 10/18
 12716 | Lair:4   | Reached skill level 13 in Ranged Weapons
 12721 | Lair:4   | Noticed Sonja
 12751 | Lair:4   | Killed Sonja
 13602 | Lair:5   | Entered Level 5 of the Lair of Beasts
 13621 | Lair:5   | Reached ****** piety under Okawaru
 13706 | Lair:5   | Received a gift from Okawaru
 13739 | Lair:5   | Reached skill level 10 in Fighting
 13839 | Lair:5   | Reached skill level 14 in Ranged Weapons
 13840 | Lair:5   | Reached skill level 10 in Armour
 13863 | Lair:5   | Reached XP level 14. HP: 88/88 MP: 16/20
 13867 | Lair:5   | Reached skill level 10 in Dodging
 14005 | Lair:5   | Identified the +2 hat "Deffoy" {Harm rPois rN+ Str+4}
                  | (Okawaru gifted it to you on level 5 of the Lair of Beasts)
 14005 | Lair:5   | Received a gift from Okawaru
 14680 | Arena    | Entered the Arena
 14862 | Lair:5   | Found a viscous altar of Jiyva.
 14862 | Lair:5   | Found a staircase to the Slime Pits.
 15246 | D:9      | Found a bloodstained altar of Trog.
 15375 | D:9      | Found a basalt altar of Yredelemnul.
 15666 | D:10     | Entered Level 10 of the Dungeon
 15666 | D:10     | Noticed Maurice
 15666 | D:10     | Noticed Erolcha
 15667 | D:10     | Killed Erolcha
 15669 | D:10     | Killed Maurice
 15976 | D:10     | Reached skill level 15 in Ranged Weapons
 16153 | D:10     | Identified the +6 sling "Faykasoups" {flame, rElec rF+++
                  | Dex-4 SInv}
 16199 | D:10     | Identified the +1 robe "Zaublemy" {rF- rC+++ rN+ Regen+}
                  | (Okawaru gifted it to you on level 10 of the Dungeon)
 16199 | D:10     | Received a gift from Okawaru
 16586 | Arena    | Entered the Arena
 16762 | D:11     | Noticed a stone giant
 16768 | D:11     | Killed a stone giant
 17359 | D:11     | Noticed Psyche
 17361 | D:11     | Killed Psyche
 17518 | D:11     | Reached XP level 15. HP: 94/94 MP: 22/22
 17559 | D:11     | Identified the +3 shortbow of the Pill Bug {freeze, rCorr}
 17855 | Arena    | Entered the Arena
 17964 | D:12     | Identified the +11 shortbow "Buugoi" {flame, rElec Str+5
                  | Int+3 Stlth-}
 18620 | D:12     | Found a staircase to the Orcish Mines.
 18781 | D:13     | Found a gate to the Vaults.
 18787 | D:12     | Reached skill level 10 in Short Blades
 18839 | Orc:1    | Entered Level 1 of the Orcish Mines
 19059 | Orc:2    | Entered Level 2 of the Orcish Mines
 19059 | Orc:2    | Found a staircase to the Elven Halls.
 19059 | Orc:2    | Found Jiton's Antique Weapon Shop.
 19065 | Orc:2    | Bought a crystal shortbow for 232 gold pieces
 19065 | Orc:2    | Identified the +10 shortbow of the Eggplant {freeze, rC-
                  | rN++} (You bought it in a shop on level 2 of the Orcish
                  | Mines)
 19075 | Orc:2    | Found Jouwnao's Assorted Antiques.
 19083 | Orc:2    | Bought a scroll labelled UGUNIBATO for 35 gold pieces
 19119 | Orc:2    | Found a dark tunnel.
 19128 | Volcano  | Entered a volcano
 19165 | Volcano  | Reached skill level 5 in Stealth
 19475 | Orc:2    | Found Qewkasecw's Weapon Shoppe.
 19498 | Orc:2    | Bought 2 throwing nets for 72 gold pieces
 19531 | Orc:2    | Found a gate leading to a gauntlet.
 19653 | Orc:2    | Found Porreuz's Magic Scroll Boutique.
 19653 | Orc:2    | Found Pycsyidu's Book Shoppe.
 19653 | Orc:2    | Found Eshish's Book Shoppe.
 19673 | Orc:2    | Reached skill level 16 in Ranged Weapons
 19682 | Orc:2    | Found Saikhoc's Jewellery Boutique.
 19687 | Orc:2    | Bought a ring of willpower for 450 gold pieces
 19701 | Orc:2    | Bought a scroll of blinking for 105 gold pieces
 19701 | Orc:2    | Bought a scroll of enchant armour for 105 gold pieces
 19757 | Orc:2    | Noticed Donald
 19947 | Orc:2    | Found Ciwargh's General Store.
 19962 | Orc:2    | Bought a scroll of enchant weapon for 82 gold pieces
 20008 | Orc:2    | Killed Donald
 20413 | D:13     | Noticed Frances
 20462 | D:13     | Killed Frances
 20838 | D:13     | Reached XP level 16. HP: 101/101 MP: 23/23
 20896 | D:13     | Found a hazy altar of Hepliaklqana.
 21209 | D:14     | Noticed Kirke
 21221 | D:14     | Killed Kirke
 21808 | D:14     | Identified the +5 ring mail "Maruori" {Str-4 Int+3 Dex+2}
 22233 | D:15     | Entered Level 15 of the Dungeon
 22367 | Arena    | Entered the Arena
 22664 | D:15     | Received a gift from Okawaru
 22778 | D:15     | Identified the +8 dagger of Valiance {holy, Will+ Int+3}
 23011 | D:15     | Found a staircase to the Depths.
 23574 | Swamp:1  | Entered Level 1 of the Swamp
 23737 | Swamp:1  | Reached skill level 17 in Ranged Weapons
 24204 | Swamp:2  | Identified the +0 pair of gloves of the Barber Surgeon
                  | {rPois MP+9} (Okawaru gifted it to you on level 2 of the
                  | Swamp)
 24204 | Swamp:2  | Received a gift from Okawaru
 24534 | Arena    | Entered the Arena
 24849 | Swamp:3  | Reached XP level 17. HP: 107/107 MP: 25/25
 25075 | Swamp:3  | Reached skill level 10 in Invocations
 25234 | Swamp:4  | Entered Level 4 of the Swamp
 25264 | Swamp:4  | Noticed a tentacled monstrosity
 25267 | Swamp:4  | Killed a tentacled monstrosity
 25863 | Arena    | Entered the Arena
 26096 | Swamp:4  | Reached skill level 18 in Ranged Weapons
 26351 | Swamp:4  | Identified the +2 robe of the Morning Star {rC+}
 26387 | Arena    | Entered the Arena
 26495 | Swamp:4  | Got a decaying rune of Zot
 26696 | Snake:1  | Entered Level 1 of the Snake Pit
 26714 | Snake:1  | Learned a level 3 spell: Portal Projectile
 26922 | Snake:1  | Reached skill level 1 in Translocations
 27220 | Snake:1  | Reached skill level 1 in Hexes
 27501 | Snake:1  | Noticed Aizul
 27519 | Snake:1  | Killed Aizul
 27855 | Snake:1  | Reached XP level 18. HP: 108/113 MP: 26/26
 27882 | Snake:1  | Reached skill level 5 in Spellcasting
 28093 | Arena    | Entered the Arena
 28282 | Snake:2  | Mangled by a salamander tyrant

Illustrated notes

Levels and vault maps discovered:
D:1:      dpeg_arrival_tiny_a, layout_basic
D:2:      layout_rooms, serial_shops, shop_statue,
          shapermc_ecumenical_altar_totnotflames
D:3:      layout_basic, mainiacjoe_overflow_alcove_4, nicolae_uskayaw_en_pointe,
          grunt_decor_mini_mirrors, uniq_terence, uniq_robin
D:4:      layout_loops_corners, minmay_temple_entry_mini_moons
D:5:      minmay_opposing_rooms, layout_basic, dk_vineyard_2,
          kennysheep_generic_room_2
D:6:      minmay_recursive_quarters, layout_loops_cross
D:7:      layout_cave_pools, mainiacjoe_overflow_paths,
          nicolae_ru_sacrificial_ziggurat, serial_glass, glass_columns_b,
          glass_columns_a, glass_columns_a, glass_columns_a, glass_columns_a,
          glass_columns_b, uniq_duvessa
D:8:      layout_basic, enter_bailey_5, dreamdust_princess_corridor
D:9:      layout_roguey, lemuel_round_altar, lightli_temple_of_fire,
          lair_entry_dummy, special_room [special_room_orc],
          hangedman_abyss_or_decor_jellyfish_corner, guppyfry_early_elven_hall
D:10:     layout_roguey, minmay_holes, minmay_fractal_squares_diagonal_5,
          uniq_maurice, uniq_erolcha
D:11:     layout_layer_cave, kennysheep_just_a_vault, uniq_psyche
D:12:     layout_grid_maze, erik_orc_1, minmay_diced_spiral
D:13:     layout_roguey, david_vaults_3, chequers_decorated_corner,
          nicolae_hepliaklqana_monster_ancestors, uniq_frances
D:14:     layout_layer_cave, hangedman_decor_points, uniq_kirke
D:15:     hangedman_depths_entry_civil_slaughter, layout_basic,
          small_statue_alley_a
Temple:   minmay_temple_bridge_d
Lair:1:   layout_cave_pods, grunt_megastairs_4
Lair:2:   layout_concentric_octagons, minmay_snake_entry_guardpost_medium,
          uniq_fannar
Lair:3:   layout_long_grid, swamp_mist, grunt_forest_stairs_clearing,
          grunt_megastairs_2, infiniplex_staircase_pool_2, uniq_nessos,
          uniq_nergalle
Lair:4:   layout_roguey, beast_lair_carwin_5, uniq_sonja
Lair:5:   hangedman_lair_caniforms_friends, layout_regular_city,
          guppyfry_lair_end_dragon, dpeg_slime_entry_corner,
          grunt_forest_large_clearing_hut, grunt_megastairs_3
Swamp:1:  layout_basic_swamp, evilmike_swamp_ruin_house_5,
          infiniplex_staircase_pool
Swamp:2:  layout_basic_swamp, serial_swamp_ruin, hangedman_swamp_ruin_wall,
          hangedman_swamp_ruin_hall, swamp_pool1, nzn_swamp_stair_ambush
Swamp:3:  layout_basic_swamp, nicolae_swamp_stair_fork
Swamp:4:  swamp_basic_johnstein, layout_basic_swamp, swamp_pool3,
          grunt_witch_cave
Snake:1:  layout_layer_cave, nicolae_snake_dead_anacondas, uniq_aizul
Snake:2:  layout_onion_interference
Orc:1:    layout_caves, roderic_batcave
Orc:2:    st_orc_elflike, layout_caves, serial_shops, shop,
          nicolae_shop_waterfront, nicolae_diamond_shop, shop_statue,
          gauntlet_entry_generic, nicolae_volcano_entry_batcave, uniq_donald

Skill      XL: |  1  2  3  4  5  6  7  8  9 10 11 12 13 14 15 16 17 18 |
---------------+-------------------------------------------------------+-----
Conjurations   | 2 4 |  4.3
Short Blades   | 1 3 4 6 7 8 9 10 11 12 | 12.0
Armour         | 1 2 4 5 6 7 9 10 11 12 | 12.0
Fighting       | 3 4 5 6 7 8 9 10 11 12 13 | 13.0
Ranged Weapons | 2 5 8 9 11 12 14 15 16 17 18 | 18.5
Invocations    | 2 3 4 5 6 7 8 9 10 | 10.7
Dodging        | 3 5 6 7 8 9 10 11 12 13 | 13.3
Stealth        | 4 6 7 8 9 |  9.0
Spellcasting   | 3 4 5 |  5.1
Translocations | 1 2 |  2.4
Hexes          | 1 2 |  2.2
Air Magic      | |  4.4

Action                   |  1- 3 |  4- 6 |  7- 9 | 10-12 | 13-15 | 16-18 || total
-------------------------+-------+-------+-------+-------+-------+-------++-------
Melee: Unarmed           |     7 |       |       |       |       |       ||     7
       Dagger            |     3 |       |       |       |       |     3 ||     6
       Kick              |     5 |     5 |    17 |    80 |   206 |     1 ||   314
       Peck              |     3 |     6 |    12 |    46 |   135 |     1 ||   203
       Rapier            |     7 |    26 |    69 |   166 |   391 |       ||   659
       Punch             |       |       |     1 |     8 |    28 |       ||    37
 Fire: Shortbow          |       |       |   214 |   539 |   116 |       ||   869
       Triple crossbow   |       |       |       |       |   471 |   674 ||  1145
 Cast: Shock             |    60 |    53 |    17 |     1 |       |       ||   131
       Static Discharge  |     1 |     9 |       |       |       |       ||    10
Invok: Heroism           |       |       |     2 |    19 |    20 |    29 ||    70
       Finesse           |       |       |       |    14 |    15 |    14 ||    43
       Duel              |       |       |       |     1 |     3 |     5 ||     9
Evoke: Wand              |       |       |     1 |       |     1 |       ||     2
       Condenser vane    |       |       |       |       |       |     1 ||     1
  Use: Potion            |     1 |     1 |     2 |     6 |     7 |    16 ||    33
       Scroll            |       |     7 |     1 |    11 |    22 |    10 ||    51
Armor: Robe              |     7 |       |       |       |       |       ||     7
       Leather armour    |       |     3 |       |       |       |       ||     3
       Ring mail         |       |     3 |    35 |    69 |   152 |    83 ||   342
Dodge: Dodged            |    13 |    15 |   108 |   268 |   901 |   636 ||  1941
       Repelled          |       |       |     2 |     2 |     6 |    11 ||    21

Table legend: (Time is in decaauts)
 A = Elapsed time spent in this place.
 B = Non-inter-level travel time spent in this place.
 C = Inter-level travel time spent in this place.
 D = Time resting spent in this place.
 E = Time spent auto-exploring this place.
 F = Levels seen in this place.
 G = Mean time per level.
                   A        B        C        D        E       F      G
               +--------+--------+--------+--------+--------+-----+--------+
         Total |  26260 |  24365 |   1895 |   2305 |  16903 |  40 |  656.5 |
       Dungeon |  14247 |  13370 |    877 |   1632 |   9617 |  15 |  949.8 |
        Temple |     86 |     70 |     16 |      0 |     35 |   1 |   86.0 |
          Lair |   5820 |   5075 |    745 |    156 |   3519 |   5 | 1164.0 |
         Swamp |   2926 |   2768 |    158 |    326 |   1734 |   4 |  731.5 |
     Snake Pit |   1453 |   1429 |     24 |     40 |   1123 |   2 |  726.5 |
  Orcish Mines |   1095 |   1022 |     73 |    104 |    733 |   2 |  547.5 |
        Bailey |    206 |    206 |      0 |     20 |     33 |   1 |  206.0 |
       Volcano |    266 |    266 |      0 |      0 |    105 |   1 |  266.0 |
         Arena |    159 |    159 |      0 |     26 |      0 |   9 |   17.7 |
               +--------+--------+--------+--------+--------+-----+--------+

Top non-repeatable levels by time:
     D:3: 1597 daAuts
  Lair:5: 1519 daAuts
     D:1: 1481 daAuts
 Snake:1: 1248 daAuts
  Lair:1: 1220 daAuts
 Swamp:4: 1193 daAuts
     D:4: 1162 daAuts
    D:15: 1130 daAuts
  Lair:2: 1116 daAuts
  Lair:3: 1107 daAuts
    D:12: 1087 daAuts
    D:14: 1075 daAuts
    D:11: 1034 daAuts
     D:5: 977 daAuts
  Lair:4: 855 daAuts
